cohdb
Replays
Latest Replays
All Replays
Popular Replays
Top Player Replays
Match Explorer
How It Works
Community
CoH3 Stats
Reddit
Sign in to upload your games and track your stats! →
Sign in with Steam
Match 44476067
Unlisted
Match 44476067
Overview
Messages
Build Orders
End
Panzergrenadier Squad
Panzergrenadier Squad
Construct Light Support Kompanie
2.5-tonne Medical Truck
Assault Grenadier Squad
Selects Panzerjäger Kommand Battlegroup
Selects Mine Fields
Selects Defensive Positions
Fire Support Elements
Forward Retreat Point
Selects Butterfly Bomb Drop
Butterfly Bomb Drop
Construct Panzerarmee Kommand
Veteran Squad Leaders
Selects Tank Busters
Emergency Repair Kits
Vehicle Survival Package
Selects Crew Shock Tactics
Panzer III L Medium Tank
Selects Crew Shock Tactics
Panzer III L Medium Tank
Butterfly Bomb Drop
Panzer III L Medium Tank
Selects Anti-tank Overwatch
Panzer III L Medium Tank
Pak 38 Anti-tank Gun Team
Panzer III L Medium Tank
Anti-tank Overwatch
Butterfly Bomb Drop
Panzerjäger Mechanized Group
Panzer III L Medium Tank
AI Takeover
Katunar
Gendalf
Liet
Valar[M]orgHulis
FaisalAlY_
Wint
FocusFuelOrFaceMyWrath
撸啊撸么么叁
0
0
Comments
sign in to comment!
No comments posted yet!